 Dungeon Crawl Stone Soup version 0.30.1-4-g462c640d31 (webtiles) character file.

Game seed: 11262618330950254780

488 H0rd4k the Charlatan (level 7, -1/44 HPs)
             Began as an Octopode Artificer on Sept 11, 2023.
             Was an Initiate of Gozag.
             Shot with an arrow by a centaur (14 damage)
             ... on level 4 of the Dungeon.
             The game lasted 00:03:21 (2816 turns).

H0rd4k the Charlatan (Octopode Artificer)           Turns: 2816, Time: 00:03:21

Health: -1/44      AC:  1    Str: 11    XL:     7   Next: 13%
Magic:  8/8        EV: 14    Int: 16    God:    Gozag
Gold:   181        SH:  0    Dex: 12    Spells: 8/8 levels left

rFire   . . .        q - staff of poison
rCold   . . .        (no shield)
rNeg    . . .        (helmet restricted)
rPois   +            e - amulet of magic regeneration
rElec   .            (no ring)
rCorr   .            (no ring)
SInv    .            (no ring)
Will    .....        (no ring)
Stlth   +++          (no ring)
HPRegen 0.27/turn    (no ring)
MPRegen 0.51/turn    (no ring)
                     (no ring)

%: no passive effects
@: no status effects
A: almost no armour, amphibious, 8 rings, camouflage 1, gelatinous body 1,
(nimble swimmer 1), tentacles
a: Renounce Religion, Potion Petition, Call Merchant, Bribe Branch


You were on level 4 of the Dungeon.
You worshipped Gozag.
Gozag was aware of your devotion.
You visited 2 branches of the dungeon, and saw 5 of its levels.

You collected 248 gold pieces.
You paid 67 gold pieces to Gozag.

Inventory:

Hand Weapons
 p - a +1 dagger of electrocution
Missiles
 a - 2 poisoned darts
Magical Staves
 q - a staff of poison (weapon)
Jewellery
 e - an amulet of magic regeneration (around mantle)
 o - the ring of Foum {Wiz Int+4}
   (You found it on level 3 of the Dungeon)

   [ring of wizardry]

   It improves your spell success rate.
   Int:       It affects your intelligence (+4).
Wands
 b - a wand of flame (3) (quivered)
 c - a wand of charming (14)
 d - a wand of iceblast (2)
Scrolls
 i - a scroll of magic mapping {unknown}
 l - 5 scrolls of identify {unknown}
 m - a scroll of silence {unknown}
 u - a scroll of blinking {unknown}
Potions
 f - a potion of degeneration {unknown}
 g - 2 potions of curing {unknown}
 h - 3 potions of attraction {unknown}
 j - a potion of cancellation {unknown}
 k - a potion of berserk rage {unknown}
 n - 2 potions of heal wounds {unknown}
 r - a potion of brilliance {unknown}
 s - a potion of haste {unknown}
 t - 2 potions of flight {unknown}


   Skills:
 + Level 1.7 Fighting
 + Level 0.8 Staves
 + Level 4.2 Dodging
 - Level 1.3 Stealth
 + Level 3.4 Unarmed Combat
 * Level 1.1 Spellcasting
 + Level 1.1 Poison Magic
 + Level 5.6 Evocations


You had 8 spell levels left.
You didn't know any spells.
Your spell library contained the following spells:

 Spells                   Type           Power      Damage    Failure   Level
 Magic Dart               Conj           0%         1d3       22%         1
 Call Imp                 Summ           0%         N/A       34%         2
 Mephitic Cloud           Conj/Pois/Air  3%         N/A       52%         3
 Borgnjor's Revivificati  Necr           0%         N/A       100%        8
 Necromutation            Tmut/Necr      0%         N/A       100%        8
 Death's Door             Necr           0%         N/A       100%        9


Dungeon Overview and Level Annotations

Branches:
Dungeon (4/15)             Temple (1/1) D:4

Altars:
Cheibriados
Dithmenos
Elyvilon
Gozag
Hepliaklqana
Makhleb
Qazlal
Vehumet
Wu Jian
Xom
Yredelemnul

Shops:
D:1 *


Innate Abilities, Weirdness & Mutations

You cannot wear most types of armour.
You are amphibious.
You can wear up to eight rings at the same time.
Your skin changes colour to match your surroundings (Stealth+).
Your rubbery body absorbs attacks. (AC +1, EV +1)
((You are camouflaged when in or above water. (Stealth+)))
You have tentacles for arms and can constrict up to eight enemies at once.


Message History

You see here 4 javelins.
l - 5 scrolls labelled USEWUGH KOYRR (gained 1)
You enter the deep water.
Found a white marble altar of Elyvilon.
Found a stone staircase leading up.
There is a stone staircase leading up here.
There is a stone staircase leading up here.
You enter the deep water.
You enter the deep water.
There is a stone staircase leading down here.
Key pressed, stopping explore.
You see here a +0 leather armour.
A scorpion comes into view.
There are monsters nearby!
You closely miss the scorpion. Your grab misses the scorpion.
Your squeeze misses the scorpion. The scorpion completely misses you.
The scorpion stings you.
You hit the scorpion but do no damage. You grab the scorpion.
You squeeze the scorpion.
The scorpion is moderately wounded.
You constrict the scorpion, but do no damage.
The scorpion misses you.
You hit the scorpion but do no damage.
You envenom the scorpion.
The scorpion is poisoned.
The scorpion is heavily wounded.
You constrict the scorpion. The scorpion barely misses you.
You barely miss the scorpion.
The scorpion is almost dead.
You constrict the scorpion.
You kill the scorpion!
You now have 181 gold pieces (gained 6).
The centaur shouts!
The centaur wields a +0 shortbow.
The centaur shoots an arrow.
The arrow hits you!
The centaur shoots an arrow.
The arrow hits you!
The centaur shoots an arrow.
The arrow hits you!
The centaur shoots an arrow.
The arrow hits you!
* * * LOW HITPOINT WARNING * * *
The centaur shoots an arrow.
The arrow hits you!
You die...
Your body crumbles into a pile of gold.

#..# ##........## ##.. #..#
##........## #.. ##..#
#.........## ##.. #...#
#..........#####... ###...#
#............>..... ......##
##................##
##.....#######....##..........##
###.............#####.......##
#........##..@## #...c...#
#..#########...####......## #..#
##..c.........# #..#
#............## #..#
##########....# # #..## #....##
####...########## #.....###
................# ##.......#
................## ##...##....


You could see a centaur.

Vanquished Creatures
  Sigmund (D:2)
  A scorpion (D:4)
  A howler monkey (D:4)
  A jelly (D:4)
  Crazy Yiuf (D:3)
  A hound (D:4)
  Jessica (D:3)
  An iguana (D:4)
  Terence (D:3)
  2 adders
  2 worms
  2 dart slugs
  4 orcs (D:4)
  3 endoplasms
  3 giant cockroaches
  5 hobgoblins
  2 quokkas
  11 ball pythons
  2 bats (D:1)
  3 frilled lizards
  6 kobolds
  8 rats
62 creatures vanquished.

Vanquished Creatures (collateral kills)
  A goblin (D:3)
1 creature vanquished.

Grand Total: 63 creatures vanquished

Notes
Turn   | Place    | Note
-------+----------+-------------------------------------------
     0 | D:1      | H0rd4k the Octopode Artificer began the quest for the Orb.
     0 | D:1      | Reached XP level 1. HP: 13/13 MP: 1/1
   319 | D:1      | Found Ydeffua's Assorted Antiques.
   325 | D:1      | Reached XP level 2. HP: 18/18 MP: 2/2
   759 | D:2      | Reached skill level 4 in Evocations
   759 | D:2      | Reached XP level 3. HP: 19/23 MP: 3/3
   896 | D:2      | Noticed Sigmund
   900 | D:2      | Killed Sigmund
   901 | D:2      | Reached skill level 5 in Evocations
   901 | D:2      | Reached XP level 4. HP: 28/28 MP: 4/4
   901 | D:2      | Reached XP level 5. HP: 33/33 MP: 5/5
   970 | D:2      | Found a shimmering altar of Xom.
  1300 | D:3      | Identified the ring of Foum {Wiz Int+4}
  1317 | D:3      | Found a runed translucent door.
  1318 | D:3      | Noticed Crazy Yiuf
  1365 | D:3      | Noticed Jessica
  1375 | D:3      | Killed Jessica
  1468 | D:3      | Reached XP level 6. HP: 34/38 MP: 6/6
  1508 | D:3      | Noticed Terence
  1583 | D:3      | Killed Terence
  1597 | D:3      | Found a faded altar of an unknown god.
  1909 | D:3      | Killed Crazy Yiuf
  2007 | D:4      | Found a staircase to the Ecumenical Temple.
  2074 | D:4      | Found a stormy altar of Qazlal.
  2128 | D:4      | Reached skill level 1 in Poison Magic
  2155 | Temple   | Entered the Ecumenical Temple
  2235 | Temple   | Became a worshipper of Gozag Ym Sagoz the Greedy
  2493 | D:4      | Reached skill level 1 in Spellcasting
  2493 | D:4      | Reached XP level 7. HP: 37/43 MP: 8/8
  2618 | D:4      | Found a white marble altar of Elyvilon.
  2816 | D:4      | Shot with an arrow by a centaur

Illustrated notes

Levels and vault maps discovered:
D:1:      elethiomel_arrival_quiet, layout_basic, serial_shops,
          nicolae_shop_tiny_glass
D:2:      layout_rooms, basic_altar, reono_crystal_passage, uniq_sigmund
D:3:      layout_basic, shapermc_ecumenical_altar_starsandcircs, uniq_terence,
          uniq_crazy_yiuf_cottage, uniq_jessica
D:4:      layout_layer_cave, mainiacjoe_overflow_paths,
          nicolae_elyvilon_temple_path, minmay_temple_entry_overgrown
Temple:   compressed_dpeg_triangle_lava_temple

Skill      XL: |  1  2  3  4  5  6 |
---------------+-------------------+-----
Evocations     | 4 5 |  5.6
Dodging        | 3 4 |  4.2
Unarmed Combat | 2 3 |  3.4
Poison Magic   | 1 |  1.1
Spellcasting   | 1 |  1.1
Fighting       | |  1.7
Staves         | |  0.8
Stealth        | |  1.3

Action                     |  1- 3 |  4- 6 |  7- 9 || total
---------------------------+-------+-------+-------++-------
  Melee: Unarmed           |    50 |    22 |       ||    72
         Constrict         |    16 |    22 |     1 ||    39
         Tentacles         |     9 |    18 |     1 ||    28
         Punch             |     3 |     7 |       ||    10
         Staff             |       |    49 |     4 ||    53
  Evoke: Wand              |     3 |    13 |       ||    16
   Stab: Sleeping          |     5 |     3 |       ||     8
 Armour: Skin              |     5 |     5 |       ||    10
  Dodge: Dodged            |    25 |    49 |     3 ||    77
